Map: Rivages bleus EC

Players

zidar

  • Race: Zerg Zerg
  • League: Silver
  • Spawn Location: 7:00

krystian - Winner!

  • Race: Terran Terran
  • League: Silver
  • Spawn Location: 1:00

VOD

Have the link to the VOD?

Description

Time

  • Played on: Dec. 27, 2018, 4:21 p.m.
  • Length: 7:18
Show
View Real Time Build Order
Export as new Build Order

zidar Zerg 

Build Orders: Hatch First 

Get SALT Encoding   

  12  0:02  Drone  
  13  0:12  Overlord  
  13  0:16  Drone  
  14  0:31  Drone x2  
  16  0:36  Drone  
  17  0:54  Hatchery  
  17  0:57  Drone  
  17  1:01  Extractor  
  16  1:04  Drone  
  17  1:19  Spawning Pool  
  17  1:20  Drone  
  17  1:27  Drone  
  17  1:30  Overlord  
  18  1:40  Drone  
  19  1:55  Drone  
  20  2:04  Drone  
  20  2:05  Queen  
  20  2:06  Queen  
  24  2:26  Drone x2  
  26  2:49  Queen  
  28  2:55  Zergling x6  
  31  3:20  Overlord x2  
  31  3:30  Overlord  
  31  3:31  Overlord x3  
  31  3:44  Roach Warren  
  30  4:05  Extractor  
  30  4:07  Drone x7  
  30  4:08  Drone x5  
  41  4:14  Extractor  
  41  4:17  Extractor  
  39  4:30  Hatchery  
  38  5:12  Roach x3  
  38  5:13  Roach x4  
  38  5:14  Roach x4  
  60  5:38  Ravager x2  
  60  5:39  Ravager  
  60  5:40  Overlord  
  60  5:41  Overlord  
  63  5:46  Roach  
  63  5:47  Roach x2  
  69  6:00  Drone x4  
  69  6:01  Drone  
  74  6:12  Lair  
  74  6:17  Roach  
  74  6:18  Roach  
  78  6:21  Ravager x2  
  80  6:47  Roach x3  
  84  6:48  Roach x2  
  84  6:52  Overlord x2  
Show
View Real Time Build Order
Export as new Build Order

krystian Terran - Winner!

Build Orders:  

Get SALT Encoding   

  12  0:01  SCV  
  13  0:13  SCV  
  14  0:25  SCV  
  15  0:28  Supply Depot  
  15  0:35  Refinery  
  15  0:44  Refinery  
  15  0:52  Barracks  
  15  0:55  SCV  
  16  1:10  SCV  
  17  1:22  SCV  
  18  1:34  SCV  
  19  1:40  Marine, Supply Depot  
  19  1:46  SCV  
  21  1:57  Marine  
  21  1:58  SCV  
  23  2:05  Factory  
  23  2:10  SCV  
  23  2:15  Marine  
  26  2:22  SCV  
  26  2:33  Marine  
  26  2:36  Orbital Command  
  27  2:49  Factory Tech Lab  
  27  2:51  Marine  
  27  2:53  Supply Depot  
  28  3:08  Siege Tank  
  31  3:14  Marine  
  31  3:17  Engineering Bay  
  32  3:40  Siege Tank  
  35  3:44  Armory  
  35  4:07  Hi-Sec Auto Tracking  
  35  4:17  SCV  
  36  4:28  Command Center  
  36  4:29  SCV  
  37  4:37  Starport  
  37  4:40  Sensor Tower  
  37  4:43  Terran Vehicle Weapons Level 1  
  37  4:44  Thor  
  43  5:19  Missile Turret  
  43  5:22  Starport Reactor  
  43  5:27  Thor  
  49  5:32  Missile Turret  
  49  6:01  Sensor Tower  
  49  6:12  SCV  
  49  6:14  Missile Turret  
  49  6:16  Viking x2  
  54  6:24  SCV  
  55  6:35  Missile Turret  
  55  6:36  SCV  
  56  6:46  Viking  
  58  6:48  SCV  
  59  6:55  Refinery  
  59  6:59  Refinery  
  59  7:00  SCV  
Tags
 
Add a new tag
Caveats
  • Supply blocks, unpowered buildings, or Contaminate may cause inaccurate times.
  • Supply counts are checked every 10 seconds.